 Dungeon Crawl Stone Soup version 0.25-a0-1036-g6f112fb28d (webtiles) character file.

Game seed: 3368416658049768222, levelgen mode: deterministic

48654 Masnef the Frost Mage (level 14, -20/144 HPs)
             Began as an Ogre Ice Elementalist on Apr 2, 2020.
             Was a High Priest of Vehumet.
             Demolished by Donald
             ... wielding a +2 demon trident of electrocution
              (45 damage)
             ... on level 2 of the Orcish Mines on May 13, 2020.
             The game lasted 01:43:06 (23359 turns).

Masnef the Frost Mage (Ogre Ice Elementalist)      Turns: 23359, Time: 01:43:08

Health: -20/144    AC: 12    Str: 15    XL:     14   Next: 47%
Magic:  0/27       EV: 13    Int: 23    God:    Vehumet [*****.]
Gold:   1380       SH: 12    Dex:  9    Spells: 4/32 levels left

rFire    . . .     SeeInvis .   y - +2 whip (flame)
rCold    . . .     Gourm    +   e - +2 kite shield
rNeg     . . .     Faith    .   o - +0 troll leather armour
rPois    .         Spirit   .   R - +1 hat {Int+3}
rElec    .         Reflect  .   b - +0 cloak
rCorr    .         Harm     .   (gloves unavailable)
MR       +....                  (boots unavailable)
Stlth    +.........             H - amulet of the gourmand
HPRegen  0.74/turn              f - +5 ring of protection
MPRegen  0.20/turn              q - ring of wizardry

@: no status effects
A: large, unfitting armour, tough skin 1
a: Renounce Religion


You were on level 2 of the Orcish Mines.
You worshipped Vehumet.
Vehumet was extremely pleased with you.
You were very full.

You visited 4 branches of the dungeon, and saw 21 of its levels.

You collected 1620 gold pieces.
You spent 240 gold pieces at shops.

Inventory:

Hand Weapons
 i - a +0 vorpal mace
 y - a +2 whip of flaming (weapon)
 N - a +0 giant spiked club
Armour
 b - a +0 cloak (worn)
 e - a +2 kite shield (worn)
 o - a +0 troll leather armour (worn)
 L - a +2 robe of magic resistance
 R - a +1 hat of intelligence (worn)
Magical Staves
 O - an uncursed staff of death {unknown}
Jewellery
 f - a +5 ring of protection (left hand)
 n - a +4 ring of strength
 q - a ring of wizardry (right hand)
 C - a +4 ring of evasion
 H - an amulet of the gourmand (around neck)
Wands
 z - a wand of polymorph (11)
 F - a wand of acid (9)
 J - a wand of enslavement (7)
 T - a wand of digging (5)
 W - a wand of paralysis (5)
Scrolls
 j - 5 scrolls of teleportation
 k - 2 scrolls of enchant armour
 l - 10 scrolls of remove curse
 m - 3 scrolls of immolation
 s - a scroll of fog
 u - 2 scrolls of amnesia
 D - 3 scrolls of blinking
 G - 2 scrolls of magic mapping
 I - a scroll of identify
 K - 2 scrolls of fear
 P - a scroll of holy word
 Q - a scroll of enchant weapon {unknown}
 Y - a scroll of random uselessness {unknown}
Potions
 d - 4 potions of haste
 g - 9 potions of curing
 r - 4 potions of brilliance
 t - 2 potions of stabbing
 v - 4 potions of might
 w - 3 potions of lignification
 x - 5 potions of berserk rage
 A - 3 potions of flight
 B - a potion of invisibility {unknown}
 M - 3 potions of resistance
 S - 2 potions of cancellation
 U - a potion of magic {unknown}
 V - 2 potions of mutation {unknown}
 X - 3 potions of heal wounds
Miscellaneous
 h - 2 phantom mirrors
Comestibles
 c - 32 rations


   Skills:
 * Level 10.9 Fighting
 + Level 8.0 Maces & Flails
 - Level 2.0 Armour
 + Level 9.4 Dodging
 - Level 1.4 Stealth
 - Level 9.0 Shields
 + Level 9.5 Spellcasting
 - Level 5.0 Conjurations
   Level 1.4 Charms
 - Level 2.0 Summonings
 - Level 2.0 Transmutations
 * Level 1.3 Fire Magic
 - Level 11.0 Ice Magic
 - Level 5.0 Air Magic
   Level 1.0 Poison Magic


You had 4 spell levels left.
You knew the following spells:

 Your Spells              Type           Power        Failure   Level  Hunger
a - Freeze                Ice            ####         1%          1    None
b - Frozen Ramparts       Ice            ######       1%          3    None
c - Irradiate             Conj/Tmut      ####......   5%          5    ####...
d - Hailstorm             Conj/Ice       #####...     1%          4    ##.....
e - Summon Ice Beast      Ice/Summ       #####...     1%          4    ##.....
f - Freezing Cloud        Conj/Ice/Air   #####.....   7%          6    ######.
g - Fireball              Conj/Fire      ####......   7%          5    ####...

Your spell library contained the following spells:

 Spells                   Type           Power        Failure   Level  Hunger
 Sandblast                Erth           ##....       1%          1    None
 Poisonous Vapours        Pois/Air       ###...       1%          2    None
 Conjure Flame            Conj/Fire      ####....     1%          3    None
 Mephitic Cloud           Conj/Pois/Air  ####....     1%          3    None
 Ozocubu's Armour         Chrm/Ice       #####...     1%          3    None
 Stone Arrow              Conj/Erth      ###...       1%          3    None
 Passwall                 Tmut/Erth      ###.....     3%          2    None
 Confusing Touch          Hex            ##......     9%          3    None
 Gell's Gravitas          Tloc           ##........   9%          3    None
 Petrify                  Tmut/Erth      ###.....     19%         4    ##.....
 Metabolic Englaciation   Hex/Ice        #####.....   9%          5    ####...
 Yara's Violent Unravell  Hex/Tmut       ###.......   14%         5    ####...
 Lee's Rapid Deconstruct  Erth           ##........   21%         5    ####...
 Ring of Flames           Chrm/Fire      ###.......   100%        7    #######


Dungeon Overview and Level Annotations

Branches:
Dungeon (12/15)            Temple (1/1) D:7            Lair (6/6) D:9
 Shoals (0/4) Lair:3        Snake (0/4) Lair:3        Slime (0/5) Lair:5
    Orc (2/2) D:11            Elf (0/3) Orc:2

Altars:
Ashenzari
Cheibriados
Dithmenos
Elyvilon
Fedhas
Gozag
Hepliaklqana
Kikubaaqudgha
Makhleb
Nemelex Xobeh
Okawaru
Qazlal
Ru
Sif Muna
Trog
Uskayaw
Vehumet
Wu Jian
Xom
Yredelemnul
Zin
The Shining One
Jiyva

Shops:
D:4 [(   D:8 *

Annotations:
Lair:2 Harold
Lair:3 2 transporters, Zajic's ghost, journeyman MiBe
Lair:5 1 runed translucent door
Orc:2 Donald


Innate Abilities, Weirdness & Mutations

You are too large for most types of armour.
You have tough skin. (AC +1)


Message History

The hail pelts Donald!!
Donald is almost dead.
Your ice beast dances in the hail.
Donald hits you from afar with a +2 demon trident of electrocution!!
* * * LOW HITPOINT WARNING * * *
Unknown command.
Unknown command.
Casting: Hailstorm (safe; 1% risk of failure)
Confirm with . or Enter, or press ? or * to list all spells.
Okay, then.
Casting: Hailstorm (safe; 1% risk of failure)
Confirm with . or Enter, or press ? or * to list all spells.
Okay, then.
Casting: Hailstorm (safe; 1% risk of failure)
Confirm with . or Enter, or press ? or * to list all spells.
A cannonade of hail descends around you!
Donald blocks the hail.
Your ice beast is unaffected.
Donald says, "At least there's gold.
That doesn't make up for it."
Donald hits you from afar with a +2 demon trident of electrocution!!!
You die...

...$.##.((...#
.......[[.#.##
........()...#
.........()...#
.....#........#
.............##
.......#.#.#.##
..........#...#
$...#...@....##
............##
........@..##
........Y...##
.......Y...#$##
.......<......#
......§).....##
.....§○.....##
.............##


You could see Donald (fast, strong, corroded) and 2 friendly ice beasts.

Vanquished Creatures
  Gastronok (D:11)
  Erolcha (D:11)
  A hydra (Lair:5)
  3 catoblepae (Lair:6)
  13 death yaks
  Sonja (Orc:2)
  A fire crab (Lair:3)
  Pikel (D:4)
  An orc knight (Orc:1)
  A deep elf mage (D:10)
  2 manticores (Lair:6)
  14 elephants
  A black mamba (Lair:6)
  7 spiny frogs
  A rime drake (Lair:6)
  2 komodo dragons
  3 trolls
  3 meliai (D:11)
  A polar bear (Lair:2)
  13 blink frogs (Lair:6)
  Prince Ribbit (D:9)
  7 dream sheep
  5 hippogriffs
  2 wyverns
  30 yaks
  Eustachio (D:6)
  2 basilisks (Lair:4)
  Grum (D:8)
  Edmund (D:4)
  9 water moccasins
  5 wargs
  12 porcupines
  2 ice beasts
  3 sky beasts
  10 orc warriors
  2 phantoms
  2 slaves (D:4)
  2 black bears
  6 ogres
  11 centaurs
  10 wolves
  5 big kobolds
  9 crocodiles
  8 bullfrogs
  2 scorpions
  A water moccasin skeleton (D:7)
  3 wights (D:7)
  10 howler monkeys
  7 crimson imps
  A bullfrog zombie (D:2)
  A jelly (D:5)
  A quasit (D:10)
  4 hounds
  A centaur skeleton (D:9)
  A gnoll shaman (D:3)
  10 orc priests
  A bullfrog skeleton (D:5)
  6 orc wizards
  7 iguanas
  9 worker ants
  11 gnolls
  A worker ant zombie (D:10)
  10 adders
  2 shadow imps
  An ooze (D:2)
  An adder zombie (D:6)
  6 worms
  4 dart slugs
  5 leopard geckos
  40 orcs
  4 ball pythons
  6 bats
  7 giant cockroaches
  5 hobgoblins
  4 jackals (D:1)
  2 quokkas
  2 frilled lizards
  8 goblins
  8 kobolds
  A quokka zombie (D:6)
  8 rats
  A fungus (Lair:6)
419 creatures vanquished.

Vanquished Creatures (collateral kills)
  A two-headed ogre (D:8)
  A death yak (Lair:6)
  A black mamba (Lair:1)
  2 spiny frogs
  A rime drake (Lair:5)
  2 komodo dragons
  A polar bear (Lair:4)
  A hippogriff (D:9)
  Grinder (D:4)
  6 yaks
  A human (D:10)
  A warg (Orc:2)
  A water moccasin (Lair:2)
  A porcupine (Lair:2)
  3 orc warriors
  A black bear (D:10)
  A necrophage (D:6)
  3 ogres
  5 centaurs
  2 wolves
  A bullfrog (D:11)
  A gnoll sergeant (D:11)
  3 wights (D:8)
  2 jellies
  2 orc wizards (D:10)
  A worker ant (D:10)
  A shadow imp (D:10)
  5 orcs
  A kobold (D:10)
53 creatures vanquished.

Vanquished Creatures (others)
  2 slaves (D:4)
  11 fungi
  4 plants (Lair:6)
17 creatures vanquished.

Grand Total: 489 creatures vanquished

Notes
Turn   | Place    | Note
-------+----------+-------------------------------------------
     0 | D:1      | Masnef the Ogre Ice Elementalist began the quest for the
                  | Orb.
     0 | D:1      | Reached XP level 1. HP: 16/16 MP: 3/3
    94 | D:1      | Reached XP level 2. HP: 7/24 MP: 1/5
   139 | D:1      | Reached skill level 4 in Ice Magic
   651 | D:1      | Reached XP level 3. HP: 30/31 MP: 0/7
   656 | D:1      | Learned a level 3 spell: Frozen Ramparts
  1459 | D:2      | Reached skill level 1 in Fighting
  1459 | D:2      | Reached XP level 4. HP: 8/41 MP: 5/9
  1722 | D:2      | Upgraded the game from 0.25-a0-699-g25a338df49 to
                  | 0.25-a0-705-ge9988fc0fb
  1954 | D:2      | Reached skill level 5 in Ice Magic
  1954 | D:2      | Reached XP level 5. HP: 39/48 MP: 6/10
  1959 | D:2      | Learned a level 3 spell: Ozocubu's Armour
  2394 | D:3      | Reached XP level 6. HP: 27/57 MP: 4/12
  2402 | D:3      | Learned a level 4 spell: Hailstorm
  2611 | D:3      | Reached skill level 1 in Charms
  2723 | D:3      | Found an iron altar of Okawaru.
  2783 | D:3      | Found a blossoming altar of Fedhas.
  3967 | D:4      | Found a snail-covered altar of Cheibriados.
  4030 | D:4      | Noticed Grinder
  4032 | D:4      | Paralysed by Grinder for 4 turns
  4042 | D:4      | Noticed a slave
  4042 | D:4      | Noticed a slave
  4042 | D:4      | Noticed a slave
  4042 | D:4      | Noticed a slave
  4042 | D:4      | Noticed Pikel
  4077 | D:4      | Killed a slave
  4240 | D:4      | Found Eheajix's Antique Weapon Shop.
  4246 | D:4      | Found Uveycw's Armour Shoppe.
  4513 | D:4      | Noticed Edmund
  4520 | D:4      | Killed Edmund
  4520 | D:4      | Reached skill level 5 in Spellcasting
  4520 | D:4      | Reached XP level 7. HP: 66/66 MP: 2/14
  4526 | D:4      | Learned a level 4 spell: Summon Ice Beast
  4947 | D:4      | Killed Pikel
  4947 | D:4      | Reached skill level 1 in Maces & Flails
  4947 | D:4      | Reached skill level 1 in Conjurations
  4947 | D:4      | Reached skill level 6 in Ice Magic
  4947 | D:4      | Reached XP level 8. HP: 68/74 MP: 0/15
  5010 | D:4      | Killed Grinder
  5129 | D:5      | Entered Level 5 of the Dungeon
  5141 | D:5      | Reached skill level 7 in Ice Magic
  5255 | D:5      | Found Laqido Osuci's Weapon Shop.
  5640 | D:5      | Found a shadowy altar of Dithmenos.
  5640 | D:5      | Found a glowing golden altar of the Shining One.
  5645 | D:5      | Found an opulent altar of Gozag.
  5919 | D:5      | Found an opulent altar of Gozag.
  5921 | D:5      | Found a shimmering altar of Xom.
  5921 | D:5      | Found a sparkling altar of Nemelex Xobeh.
  5940 | D:5      | Found a shadowy altar of Dithmenos.
  5940 | D:5      | Found a sparkling altar of Nemelex Xobeh.
  5940 | D:5      | Found a sparkling altar of Nemelex Xobeh.
  6407 | D:6      | Noticed Eustachio
  6411 | D:6      | Reached XP level 9. HP: 83/83 MP: 13/16
  6422 | D:6      | Killed Eustachio
  6422 | D:6      | Reached skill level 8 in Ice Magic
  6520 | D:6      | You fall into a shaft and drop 2 floors!
  6520 | D:8      | Found a shattered altar of Ashenzari.
  6707 | D:8      | Noticed a troll
  6766 | D:8      | Noticed Grum
  6777 | D:8      | Killed Grum
  6918 | D:7      | Found a staircase to the Ecumenical Temple.
  6927 | D:6      | Reached skill level 5 in Dodging
  6928 | D:6      | Reached skill level 9 in Ice Magic
  7936 | D:7      | Reached XP level 10. HP: 81/94 MP: 13/17
  7957 | D:6      | Reached skill level 1 in Shields
  8098 | Temple   | Entered the Ecumenical Temple
  8132 | Temple   | Became a worshipper of Vehumet
  8717 | D:8      | Found a glowing silver altar of Zin.
  8752 | D:7      | Reached skill level 5 in Fighting
  9068 | D:8      | Found Cuthrutz's Island Escapes.
  9106 | D:8      | Noticed a two-headed ogre
  9114 | D:8      | Killed a two-headed ogre
  9408 | D:8      | Reached * piety under Vehumet
  9408 | D:8      | Offered knowledge of Foxfire by Vehumet.
  9894 | D:8      | Bought a scroll of blinking for 120 gold pieces
  9894 | D:8      | Bought a scroll of blinking for 120 gold pieces
 10046 | D:9      | Noticed Prince Ribbit
 10054 | D:9      | Killed Prince Ribbit
 10057 | D:9      | Found a staircase to the Lair.
 10312 | D:9      | Found a hide-covered altar of Uskayaw.
 10457 | D:9      | Learned a level 2 spell: Poisonous Vapours
 10529 | D:10     | Entered Level 10 of the Dungeon
 10916 | D:10     | Reached skill level 10 in Ice Magic
 11043 | D:10     | Reached skill level 5 in Maces & Flails
 11279 | D:10     | Reached skill level 1 in Poison Magic
 11429 | D:10     | Noticed a deep elf mage
 11445 | D:10     | Reached skill level 1 in Air Magic
 11447 | D:10     | Reached XP level 11. HP: 105/105 MP: 3/18
 11452 | D:10     | Killed a deep elf mage
 11972 | D:11     | Noticed Gastronok
 11985 | D:11     | Killed Gastronok
 11985 | D:11     | Reached ** piety under Vehumet
 11985 | D:11     | Offered knowledge of Searing Ray by Vehumet.
 11985 | D:11     | Reached skill level 1 in Summonings
 12764 | D:11     | Found a staircase to the Orcish Mines.
 13049 | D:11     | Noticed Erolcha
 13058 | D:11     | Killed Erolcha
 13241 | D:11     | Offered knowledge of Static Discharge by Vehumet.
 13542 | D:12     | Noticed a six-headed hydra
 13542 | D:12     | Noticed a cyan ugly thing
 13609 | Lair:1   | Entered Level 1 of the Lair of Beasts
 13878 | Lair:1   | Reached skill level 11 in Ice Magic
 13932 | Lair:1   | Reached XP level 12. HP: 103/115 MP: 7/19
 14288 | Lair:1   | Reached skill level 5 in Shields
 14591 | Lair:1   | Reached skill level 1 in Armour
 14806 | Lair:1   | Reached *** piety under Vehumet
 15150 | Lair:1   | Learned a level 6 spell: Freezing Cloud
 15789 | Lair:2   | Noticed Harold
 15929 | Lair:2   | Found a snail-covered altar of Cheibriados.
 16353 | Lair:2   | Offered knowledge of Stone Arrow by Vehumet.
 16861 | Lair:3   | Found a staircase to the Shoals.
 16931 | Lair:3   | Found a transporter.
 16936 | Lair:3   | Found a transporter.
 16954 | Lair:3   | Noticed Zajic's ghost (journeyman MiBe)
 17128 | Lair:3   | Found a staircase to the Snake Pit.
 17928 | Lair:4   | Reached **** piety under Vehumet
 18297 | Lair:4   | Found an opulent altar of Gozag.
 18340 | Lair:4   | Reached XP level 13. HP: 83/127 MP: 7/23
 19088 | Lair:5   | Offered knowledge of Irradiate by Vehumet.
 19129 | Lair:5   | Found a runed translucent door.
 19131 | Lair:5   | Found a viscous altar of Jiyva.
 19133 | Lair:5   | Found a staircase to the Slime Pits.
 19133 | Lair:5   | Noticed an acid blob
 19536 | Lair:5   | Learned a level 5 spell: Irradiate
 19536 | Lair:5   | Upgraded the game from 0.25-a0-705-ge9988fc0fb to
                  | 0.25-a0-719-gde951dce62
 19536 | Lair:5   | Upgraded the game from 0.25-a0-719-gde951dce62 to
                  | 0.25-a0-734-g73332aeda9
 19538 | Lair:5   | Upgraded the game from 0.25-a0-734-g73332aeda9 to
                  | 0.25-a0-803-g58bd18402a
 19562 | Lair:6   | Entered Level 6 of the Lair of Beasts
 19979 | Lair:6   | Reached skill level 1 in Transmutations
 20403 | Lair:6   | Reached skill level 5 in Conjurations
 20785 | Lair:6   | Reached skill level 5 in Air Magic
 21141 | Lair:6   | Reached skill level 10 in Fighting
 21141 | Lair:6   | Reached XP level 14. HP: 127/143 MP: 17/26
 21345 | Lair:6   | Reached ***** piety under Vehumet
 21901 | Lair:6   | Offered knowledge of Fireball by Vehumet.
 22251 | Lair:6   | Learned a level 5 spell: Fireball
 22505 | Orc:1    | Entered Level 1 of the Orcish Mines
 22683 | Orc:1    | Reached skill level 1 in Fire Magic
 22685 | Orc:1    | Upgraded the game from 0.25-a0-803-g58bd18402a to
                  | 0.25-a0-927-g39f137c8b7
 22697 | Orc:1    | Upgraded the game from 0.25-a0-927-g39f137c8b7 to
                  | 0.25-a0-1036-g6f112fb28d
 23021 | Orc:2    | Entered Level 2 of the Orcish Mines
 23061 | Orc:2    | Noticed Sonja
 23084 | Orc:2    | Killed Sonja
 23142 | Orc:2    | Found a radiant altar of Vehumet.
 23146 | Orc:2    | Found a staircase to the Elven Halls.
 23162 | Orc:2    | Noticed Donald
 23359 | Orc:2    | Demolished by Donald

Illustrated notes

Levels and vault maps discovered:
D:1:      dpeg_arrival_arbitrary_c, layout_basic, minmay_misc_feat_room
D:2:      layout_loops_cross, minmay_fountain_box
D:3:      layout_basic, okawaru_gym_becter, marbit_many_paths
D:4:      layout_loops_ring, kennysheep_mini_moat, serial_shops,
          nicolae_shop_statue_plus, nicolae_shop_waterfront, uniq_edmund,
          uniq_grinder, uniq_pikel
D:5:      layout_basic, gammafunk_temple_overflow_forgotten,
          doesnt_xom_only_xom, serial_shops, shop_fountains, first_ration
D:6:      kennysheep_six_static_rooms, layout_loops_ring, uniq_eustachio
D:7:      layout_cave_pools, minmay_temple_entry_large_hall
D:8:      layout_basic, cheibrodos_ashenzari_chains, basic_altar,
          nicolae_island_escapes, uniq_grum
D:9:      layout_irregular_city, kennysheep_little_box, lair_entry_dummy,
          uniq_prince_ribbit1
D:10:     layout_big_octagon, serial_park, serial_park_tiny_2,
          serial_park_tiny_pond, serial_park_tiny_2, serial_park_tiny_pond,
          serial_park_tiny_1, hangedman_stone_soup
D:11:     layout_loops_ring, kennysheep_orc_monster_closet_entryway,
          uniq_gastronok, uniq_erolcha
D:12:     layout_long_grid, uniq_maurice, uniq_psyche
Temple:   cyrus_circular_temple
Lair:1:   layout_layer_cave, grunt_megastairs_4
Lair:2:   layout_gridlike, basic_altar, beast_lair_carwin_4, uniq_harold
Lair:3:   layout_loops_ring, elwin_shoals_entry_rocks, dummy_snake_entry,
          gammafunk_ghost_hive
Lair:4:   layout_cave_pods, basic_altar
Lair:5:   layout_hall_layers, slime_altar_2
Lair:6:   evilmike_catoblepas_cave, layout_layer_cave, st_stairs_7,
          serial_bayou_shore_b, grunt_megastairs_2
Orc:1:    layout_caves
Orc:2:    st_orc_elflike, layout_caves, gauntlet_entry_generic, basic_altar,
          uniq_sonja, uniq_donald

Skill      XL: |  1  2  3  4  5  6  7  8  9 10 11 12 13 14 |
---------------+-------------------------------------------+-----
Ice Magic      | 4 5 6 7 9 10 11 | 11.0
Spellcasting   | 3 4 5 7 8 9 |  9.5
Fighting       | 1 2 3 4 5 6 8 10 | 10.9
Dodging        | 2 3 4 5 7 8 9 |  9.4
Charms         | 1 |  1.4
Maces & Flails | 1 2 4 5 6 7 8 |  8.0
Conjurations   | 1 2 4 5 |  5.0
Shields        | 3 4 6 8 9 |  9.0
Poison Magic   | 1 |  1.0
Air Magic      | 1 2 3 5 |  5.0
Summonings     | 1 2 |  2.0
Armour         | 2 |  2.0
Transmutations | 2 |  2.0
Fire Magic     | 1 |  1.3
Stealth        | |  1.4

Action                   |  1- 3 |  4- 6 |  7- 9 | 10-12 | 13-15 || total
-------------------------+-------+-------+-------+-------+-------++-------
Melee: Unarmed           |    42 |       |     3 |       |     4 ||    49
       Dagger            |    59 |    37 |       |       |       ||    96
       Mace              |       |    37 |     9 |       |       ||    46
       Whip              |       |       |   148 |   478 |   297 ||   923
 Cast: Freeze            |    33 |    43 |    53 |    90 |    15 ||   234
       Frozen Ramparts   |     7 |    13 |    13 |    66 |    29 ||   128
       Ozocubu's Armour  |       |     3 |       |     1 |       ||     4
       Hailstorm         |       |     1 |    10 |    34 |    28 ||    73
       Summon Ice Beast  |       |       |    14 |    75 |    27 ||   116
       Poisonous Vapours |       |       |       |     1 |       ||     1
       Freezing Cloud    |       |       |       |     2 |    18 ||    20
       Irradiate         |       |       |       |       |    21 ||    21
       Fireball          |       |       |       |       |     1 ||     1
Evoke: Wand              |       |       |     1 |       |     4 ||     5
  Use: Potion            |     4 |       |     1 |     3 |       ||     8
       Scroll            |       |     7 |     6 |     7 |     6 ||    26
 Stab: Sleeping          |       |     3 |     3 |     1 |       ||     7
       Distracted        |       |       |       |     1 |     1 ||     2
       Confused          |       |       |       |       |     1 ||     1
       Petrified         |       |       |       |       |     1 ||     1
  Eat: Chunk             |     2 |     7 |    13 |    53 |    31 ||   106
       Ration            |       |     1 |     1 |     2 |       ||     4
Armor: Robe              |    48 |    32 |    89 |   141 |       ||   310
       Troll leather arm |       |       |       |    58 |    97 ||   155
Dodge: Dodged            |    89 |    43 |   130 |   326 |   166 ||   754
Block: Kite shield       |       |       |       |   127 |   201 ||   328

Table legend:
 A = Non-vault XP
 B = Vault XP
 C = Vault XP percentage of total XP
 D = Non-vault monster count
 E = Vault monster count
 F = Vault count percentage of total count
                 A         B        C        D         E       F
            +---------+---------+-------+---------+---------+-------
      Total |   49043 |   20463 |  29.4 |     394 |      75 |  16.0
            +---------+---------+-------+---------+---------+-------
        D:1 |      40 |       0 |   0.0 |      23 |       0 |   0.0
        D:2 |     155 |       0 |   0.0 |      21 |       0 |   0.0
        D:3 |     226 |      13 |   5.4 |      27 |       1 |   3.6
        D:4 |     248 |     862 |  77.7 |      13 |       3 |  18.8
        D:5 |     425 |       0 |   0.0 |      12 |       0 |   0.0
        D:6 |    1246 |     453 |  26.7 |      32 |       7 |  17.9
        D:7 |    1091 |       0 |   0.0 |      20 |       0 |   0.0
        D:8 |    1771 |     331 |  15.7 |      25 |       3 |  10.7
        D:9 |     532 |     235 |  30.6 |       9 |       1 |  10.0
       D:10 |    1870 |     687 |  26.9 |      23 |       4 |  14.8
       D:11 |    3941 |    3656 |  48.1 |      31 |      21 |  40.4
     Lair:1 |    3453 |     431 |  11.1 |      19 |       2 |   9.5
     Lair:2 |    2968 |    1024 |  25.7 |      12 |       6 |  33.3
     Lair:3 |    2570 |       0 |   0.0 |       7 |       0 |   0.0
     Lair:4 |    4981 |       0 |   0.0 |      29 |       0 |   0.0
     Lair:5 |    5976 |       0 |   0.0 |      16 |       0 |   0.0
     Lair:6 |   14733 |   11969 |  44.8 |      37 |      26 |  41.3
      Orc:1 |    1795 |       0 |   0.0 |      23 |       0 |   0.0
      Orc:2 |    1022 |     802 |  44.0 |      15 |       1 |   6.2
            +---------+---------+-------+---------+---------+-------
